AoeStats
← georgeclay56789

Migration

509600542Analyzed
1v1 RM · 5d ago on Sep 27, 2026· 49m 57s· 2 players
Game mode
Random Map
Map size
132×132
Population
200
Speed
Normal
Resources
Standard
Victory
Conquest
Starting age
Dark Age
Ending age
Imperial Age
RankedLock teamsTeams togetherTeam positionsShared explorationLock speedFull tech treeHidden civsTurbo modeCheats
Victory
Defeat
🇬🇧 Sicilians · United Kingdom
918
+15
🇨🇳 Wu · China
902
-15
maorachow
11:20 Feudal Age
11:59 Loom
17:53 Castle Age
15:52 Man-at-Arms
18:05 Arson
20:42 Squires
23:24 Fletching
23:36 Padded Archer Armor
25:00 Bodkin Arrow
28:09 Leather Archer Armor
34:47 Red Cliffs Tactics
34:53 Red Cliffs Tactics
39:59 Imperial Age
44:36 Chemistry
georgeclay56789
2:23 Loom
14:31 Feudal Age
15:18 Double-Bit Axe
15:52 Fishing Lines
18:30 Castle Age
17:01 Bloodlines
17:38 Wheelbarrow
18:04 Forging
20:29 Scale Barding Armor
20:45 Horse Collar
22:02 Medium Warships
23:15 Hand Cart
25:11 Gillnets
27:21 Fletching
29:12 Bodkin Arrow
33:16 Imperial Age
32:13 Iron Casting
31:43 Gold Mining
33:52 Chain Barding Armor
33:52 Husbandry
33:57 Cavalier
34:59 Conscription
35:32 Murder Holes
35:59 Ballistics
37:43 Bracer
40:16 Chemistry
40:21 Blast Furnace
39:53 Heavy Warships
45:28 Siege Engineers
45:37 Careening
Connection lost

Rejoining the realm…

Still unreachable

The connection could not be restored.

Session expired

The server has moved on; the page needs a fresh start.